[Event "Team 45 45 League T45"]
[Site "Internet Chess Club"]
[Date "2010.05.16"]
[Round "2"]
[White "jorobo"]
[Black "giltar"]
[Result "1-0"]
[WhiteElo "2136"]
[BlackElo "1876"]
[Opening "King's Indian: orthodox variation"]
[ECO "E94"]
[Time "14:00:10"]
[TimeControl "2700+45"]

1. c4 Nf6 2. Nc3 g6 3. e4 d6 4. d4 Bg7 5. Be2 O-O 6. Nf3 e5 7. O-O Na6 8. Be3
Ng4 9. Bg5 Qe8 10. c5 exd4 11. Nd5 Qxe4 12. Ne7+ Kh8 13. cxd6 cxd6 14. Re1 d3
15. Bxd3 Qb4 16. h3 Ne5 17. Nxe5 dxe5 18. Nd5 Qa5 19. Bxa6 bxa6 20. Be7 Be6 21.
Bxf8 Rxf8 22. Nc3 Rb8 23. Re2 Rd8 24. Rd2 Rd4 25. Rxd4 exd4 26. Qa4 Qxa4 27.
Nxa4 Bf8 28. b3 Bf5 29. Rd1 d3 30. Nb2 Kg7 31. Nxd3 Kf6 32. Kf1 g5 33. Ke2 Be4
34. f3 Bc6 35. Ke3 h5 36. Rc1 Bd5 37. Kd4 Ke6 38. Nc5+ Kd6 39. Ne4+ Bxe4 40.
Kxe4 Bg7 41. Kf5 Bh6 42. Kf6 g4 43. Rd1+ Kc6 44. fxg4 hxg4 45. hxg4 a5 46. Kxf7
Kb5 47. g5 {Black resigns} 1-0

[Event "Team 45 45 League T45"]
[Site "Internet Chess Club"]
[Date "2010.05.15"]
[Round "2"]
[White "Guoruey"]
[Black "TerryMalloy"]
[Result "0-1"]
[WhiteElo "1990"]
[BlackElo "2124"]
[Opening "KGA: Fischer defense"]
[ECO "C34"]
[Time "17:03:30"]
[TimeControl "2700+45"]

1. e4 e5 2. f4 exf4 3. Nf3 d6 4. Nc3 g5 5. d4 Bg7 6. g3 h6 7. Bc4 c6 8. Qe2 Qe7
9. Bd2 g4 10. Nh4 f3 11. Qe3 h5 12. O-O-O a5 13. a4 Na6 14. Qf2 Bd7 15. Rhe1
O-O-O 16. Bxa6 bxa6 17. Bf4 Kb7 18. Nf5 Bxf5 19. exf5 Qd7 20. Ne4 Bh6 21. Rd3
Bxf4+ 22. gxf4 Ne7 23. Nf6 Qc7 24. Qd2 Nxf5 25. Rb3+ Ka7 26. Qd3 Ne7 27. Qc3 Rb8
28. Rxb8 Rxb8 29. Qe3 Nd5 30. Nxd5 cxd5 31. h3 f5 32. hxg4 fxg4 33. f5 Qf7 34.
Qe7+ Qxe7 35. Rxe7+ Kb6 36. Kd2 Rf8 37. Re6 Rxf5 38. Rxd6+ Kc7 {White resigns}
0-1

[Event "Team 45 45 League T45"]
[Site "Internet Chess Club"]
[Date "2010.05.17"]
[Round "2"]
[White "freestyle"]
[Black "ITurnYouOn"]
[Result "1-0"]
[WhiteElo "2307"]
[BlackElo "2325"]
[Opening "KP: Nimzovich defense"]
[ECO "B00"]
[Time "18:03:03"]
[TimeControl "2700+45"]

1. e4 Nc6 2. Nf3 d6 3. d4 g6 4. d5 Ne5 5. Nxe5 dxe5 6. Bb5+ Bd7 7. Qe2 Bg7 8.
O-O Nf6 9. Bxd7+ Nxd7 10. c4 O-O 11. Nc3 f5 12. f3 f4 13. Bd2 g5 14. Be1 h5 15.
Rd1 Rf6 16. Bf2 Rg6 17. c5 g4 18. fxg4 hxg4 19. c6 Nf6 20. cxb7 Rb8 21. Qa6 g3
22. Bxa7 gxh2+ 23. Kh1 Kh7 24. Bxb8 Nd7 25. Qe6 Nxb8 26. Qc8 Qg8 27. Rd3 Bh6 28.
Rh3 Na6 29. Nb5 Rb6 30. d6 Qc4 31. Qf5+ Kg7 32. Qxe5+ Kg8 33. dxe7 Qxf1+ 34.
Kxh2 Qxb5 35. Qxb5 Rxb5 36. e8=Q+ Kg7 37. Qxb5 Kf6 38. Qxa6+ Ke5 39. Rh5+ Kd4
40. Rd5+ Ke3 41. Qd3+ Kf2 42. Qf3+ Ke1 43. Rd1# {Black checkmated} 1-0

[Event "Team 45 45 League T45"]
[Site "Internet Chess Club"]
[Date "2010.05.16"]
[Round "2"]
[White "Boromir"]
[Black "theophilus"]
[Result "0-1"]
[WhiteElo "2003"]
[BlackElo "2174"]
[Opening "French: Winawer, advance, Bogolyubov variation"]
[ECO "C17"]
[Time "09:02:01"]
[TimeControl "2700+45"]

1. e4 e6 2. d4 d5 3. Nc3 Bb4 4. e5 c5 5. Bd2 Ne7 6. Nb5 Bxd2+ 7. Qxd2 O-O 8. f4
Nbc6 9. Nf3 a6 10. Nd6 Nxd4 11. Nxd4 cxd4 12. Bd3 Qb6 13. O-O-O Bd7 14. g4 Nc8
15. Nxc8 Rfxc8 16. h4 Ba4 17. f5 Rc6 18. f6 Bxc2 19. Bxc2 Rac8 20. Qxd4 Rxc2+
21. Kb1 Qxd4 22. Rxd4 gxf6 23. exf6 h6 24. g5 Kh7 25. h5 hxg5 26. Rg4 Rf2 27.
Rxg5 Rxf6 {White resigns} 0-1

[Event "Team 45 45 League T45"]
[Site "Internet Chess Club"]
[Date "2010.05.21"]
[Round "2"]
[White "Pason"]
[Black "saksipotku"]
[Result "0-1"]
[WhiteElo "2056"]
[BlackElo "2093"]
[Opening "Queen's pawn game"]
[ECO "D02"]
[Time "11:01:06"]
[TimeControl "2700+45"]

1. d4 d5 2. Nf3 Bf5 3. c4 c6 4. Nc3 e6 5. e3 Nf6 6. Be2 Bd6 7. Ne5 Nfd7 8. f4 f6
9. Nf3 a6 10. O-O O-O 11. Nd2 b5 12. e4 dxe4 13. Ndxe4 Bc7 14. Ng3 Bg6 15. d5
cxd5 16. Nxd5 Nb6 17. Nxc7 Qxc7 18. cxb5 Qc5+ 19. Kh1 axb5 20. Rf3 Nd5 21. f5
exf5 22. Nxf5 Nc6 23. Qb3 Kh8 24. Bd2 Rfd8 25. Rc1 Qb6 26. Qxb5 Qxb5 27. Bxb5
Ne5 28. Rff1 Rxa2 29. Bc3 Nxc3 30. bxc3 Rb2 31. Nd4 Be4 32. Be2 h6 33. Bf3 Bxf3
34. Nxf3 Nd3 35. Ra1 Rc8 36. Ra3 Rc2 37. Kg1 R8xc3 38. Rxc3 Rxc3 39. Rd1 Rc1 40.
Rxc1 Nxc1 41. Kf2 Kg8 42. Ke3 Kf7 43. Nd4 Na2 44. Ne2 Nb4 45. Ke4 Nc6 46. h4 g6
47. g4 Ne7 48. Ng3 Ke6 49. Kf4 f5 50. Ne2 Nd5+ 51. Kf3 Ke5 52. gxf5 gxf5 53. Ng3
Nf4 54. Nf1 Ng6 55. Kg3 h5 56. Nd2 f4+ 57. Kh3 Kd4 58. Nf3+ Ke4 59. Nd2+ Ke3 60.
Nf1+ Ke2 61. Nh2 Kf2 {White resigns} 0-1

[Event "Team 45 45 League T45"]
[Site "Internet Chess Club"]
[Date "2010.05.14"]
[Round "2"]
[White "LucaTrapani"]
[Black "lamon2000"]
[Result "1-0"]
[WhiteElo "2154"]
[BlackElo "2068"]
[Opening "King's Indian: fianchetto, Yugoslav system"]
[ECO "E64"]
[Time "19:30:49"]
[TimeControl "2700+45"]

1. d4 Nf6 2. c4 g6 3. g3 Bg7 4. Bg2 d6 5. Nc3 O-O 6. Nf3 c5 7. d5 Bg4 8. h3 Bxf3
9. Bxf3 Nbd7 10. Bf4 Qb6 11. Qc2 Qb4 12. Qb3 Nb6 13. O-O Qxc4 14. Qd1 Nbd7 15.
e4 Qb4 16. Bd2 Qb6 17. Bg2 a6 18. Rb1 Qc7 19. Qc1 b5 20. Bh6 c4 21. Bxg7 Kxg7
22. Ne2 Qa7 23. Kh2 Rac8 24. f4 b4 25. Qd2 a5 26. Nd4 Nb8 27. Qf2 Qc5 28. Rbc1
Kg8 29. g4 Kg7 30. g5 Nfd7 31. Rce1 Kg8 32. h4 Qc7 33. Bh3 Nc5 34. Qc2 Ncd7 35.
h5 Qb6 36. Rd1 c3 37. b3 Rcd8 38. Qe2 Qc5 39. f5 Ne5 40. hxg6 hxg6 41. fxg6 Nxg6
42. Bf5 Kg7 43. Bxg6 Kxg6 44. Qf2 Qc8 45. Nf5 Qd7 46. Kg2 Na6 47. Rh1 Rh8 48.
Qd4 f6 49. gxf6 exf6 50. Kf3 Rxh1 51. Rxh1 Rg8 52. Rh6+ Kf7 53. Qxf6+ Ke8 54.
Nxd6+ Qxd6 55. Qxd6 Rf8+ 56. Ke2 {Black resigns} 1-0

[Event "Team 45 45 League T45"]
[Site "Internet Chess Club"]
[Date "2010.05.17"]
[Round "2"]
[White "andretta"]
[Black "frothyjowels"]
[Result "0-1"]
[WhiteElo "2327"]
[BlackElo "2408"]
[Opening "Queen's pawn"]
[ECO "A40"]
[Time "19:01:09"]
[TimeControl "2700+45"]

1. d4 e6 2. Nf3 d5 3. c4 dxc4 4. e3 c5 5. Bxc4 cxd4 6. exd4 Nc6 7. O-O Nf6 8.
Nc3 Be7 9. d5 exd5 10. Nxd5 Nxd5 11. Qxd5 Be6 {White disconnected and forfeits}
0-1

[Event "Team 45 45 League T45"]
[Site "Internet Chess Club"]
[Date "2010.05.15"]
[Round "2"]
[White "eurander"]
[Black "YoniKer"]
[Result "1/2-1/2"]
[WhiteElo "2220"]
[BlackElo "1990"]
[Opening "Ruy Lopez: Wormald (Alapin) attack"]
[ECO "C77"]
[Time "04:02:19"]
[TimeControl "2700+45"]

1. e4 e5 2. Nf3 Nc6 3. Bb5 a6 4. Ba4 Nf6 5. Qe2 b5 6. Bb3 Be7 7. c3 O-O 8. O-O
d5 9. d3 Be6 10. Rd1 Qd6 11. Nbd2 d4 12. cxd4 Nxd4 13. Nxd4 Qxd4 14. Bxe6 fxe6
15. Nb3 Qa4 16. Be3 Rad8 17. Nc5 Bxc5 18. Bxc5 Rf7 19. b3 Qa5 20. Qb2 b4 21.
Qxe5 Nd7 22. Qg5 Rdf8 23. Be3 Qxg5 24. Bxg5 Rxf2 25. Be7 R8f7 26. Bxb4 Rc2 27.
Rd2 Rxd2 28. Bxd2 Nc5 29. Rc1 Nxd3 30. Rc3 Rd7 31. Be3 Kf7 32. h3 h6 33. a3 a5
34. Kf1 Ne5 35. Bf4 Kf6 36. Ke2 g5 37. Bg3 a4 38. bxa4 Rd4 39. Ke3 Rxa4 40.
Bxe5+ Kxe5 41. Rc5+ Kd6 42. Rc3 Ke5 43. Rc5+ Kd6 44. Rc3 Ra5 45. Kd4 Ra4+ 46.
Ke3 {Game drawn by repetition} 1/2-1/2

[Event "Team 45 45 League T45"]
[Site "Internet Chess Club"]
[Date "2010.05.16"]
[Round "2"]
[White "jefferyx"]
[Black "xakelari"]
[Result "1-0"]
[WhiteElo "2130"]
[BlackElo "2059"]
[Opening "Ruy Lopez: old Steinitz defense"]
[ECO "C62"]
[Time "09:30:18"]
[TimeControl "2700+45"]

1. e4 e5 2. Nf3 Nc6 3. Bb5 d6 4. d4 Bd7 5. dxe5 dxe5 6. O-O Nf6 7. Nc3 Bd6 8.
Bg5 h6 9. Bh4 g5 10. Bg3 Qe7 11. Nd5 Nxd5 12. exd5 Nb8 13. Re1 Bxb5 14. Nxe5 O-O
15. Ng4 Qd8 16. Nxh6+ Kg7 17. Nf5+ Kg6 18. Bxd6 cxd6 19. Ne7+ Kh6 20. Qf3 Nd7
21. Qh3+ Kg7 22. Qh5 Rh8 23. Qxg5+ Kf8 24. Qg3 Ne5 25. Nf5 Qf6 26. Nxd6 Qxd6 27.
Rxe5 Qf6 28. Rae1 Re8 29. Rxe8+ Bxe8 30. Qb8 Kg7 31. Rxe8 Rxe8 32. Qxe8 Qxb2 33.
g3 Qxc2 34. Qe5+ Kg6 35. d6 Qc1+ 36. Kg2 Qc6+ 37. f3 Qc5 38. Qxc5 {Black
resigns} 1-0

[Event "Team 45 45 League T45"]
[Site "Internet Chess Club"]
[Date "2010.05.17"]
[Round "2"]
[White "AugustoCaruso"]
[Black "f5"]
[Result "1-0"]
[WhiteElo "2228"]
[BlackElo "2138"]
[Opening "Sicilian: closed, 2...Nc6"]
[ECO "B23"]
[Time "14:17:07"]
[TimeControl "2700+45"]

1. e4 c5 2. Nc3 Nc6 3. Nf3 g6 4. Bb5 Bg7 5. Bxc6 dxc6 6. d3 Bg4 7. h3 Bxf3 8.
Qxf3 Nf6 9. O-O Nd7 10. Qg3 e5 11. f4 Qe7 12. f5 O-O-O 13. Bg5 f6 14. Be3 g5 15.
a4 h5 16. a5 Bh6 17. b3 Rdg8 18. a6 b6 19. Ne2 g4 20. h4 Bxe3+ 21. Qxe3 g3 22.
Rf3 Qh7 23. Rxg3 Rxg3 24. Nxg3 Rg8 25. Kh2 Rg4 26. Kh3 Rg8 27. Qf3 Rh8 28. Nf1
Kc7 29. Ne3 b5 30. c4 b4 31. g3 Kb6 32. Qf2 Qe7 33. Nc2 Qd6 34. Qe3 Kc7 35. Rb1
Nb8 36. Nxb4 Qd4 37. Qxd4 exd4 38. Nc2 Nxa6 39. b4 Rb8 40. b5 cxb5 41. cxb5 Kd6
42. g4 hxg4+ 43. Kxg4 Ke5 44. Na3 {Black resigns} 1-0

[Event "Team 45 45 League T45"]
[Site "Internet Chess Club"]
[Date "2010.05.15"]
[Round "2"]
[White "chiiwen"]
[Black "izit"]
[Result "0-1"]
[WhiteElo "2160"]
[BlackElo "2213"]
[Opening "Sicilian: Najdorf, Opocensky variation"]
[ECO "B92"]
[Time "11:31:23"]
[TimeControl "2700+45"]

1. e4 c5 2. Nf3 d6 3. d4 cxd4 4. Nxd4 Nf6 5. Nc3 a6 6. Be2 e5 7. Nb3 Be7 8. O-O
O-O 9. Kh1 b6 10. f3 Bb7 11. Be3 b5 12. a4 b4 13. Nd5 Nxd5 14. exd5 Nd7 15. c4
bxc3 16. bxc3 Bg5 17. Bf2 Qc7 18. c4 a5 19. Ra2 Ba6 20. Rc2 Rfb8 21. Rc3 Rb4 22.
c5 Bxe2 23. Qxe2 Rab8 24. Qc2 Rxa4 25. c6 Nb6 26. Bxb6 Rxb6 27. Nc5 Rab4 28. Nd7
R6b5 29. Rd3 g6 30. Rfd1 Kg7 31. Nxe5 Rb2 32. Qc4 R5b4 33. Qa6 Rb6 34. Qxa5 dxe5
35. Qc3 Be7 36. h3 Bd6 37. f4 R6b3 38. Qxb3 Rxb3 39. Rxb3 exf4 40. Rb7 Qa5 41.
Rd7 Qa4 42. Rf1 Qc4 43. Rg1 f3 44. Rxd6 fxg2+ 45. Rxg2 Qf1+ 46. Kh2 Qf4+ 47. Kg1
Qxd6 48. Rc2 Qg3+ {White resigns} 0-1

[Event "Team 45 45 League T45"]
[Site "Internet Chess Club"]
[Date "2010.05.16"]
[Round "2"]
[White "Gil-galad"]
[Black "BlackHorse"]
[Result "1-0"]
[WhiteElo "2148"]
[BlackElo "2152"]
[Opening "King's Indian: orthodox, Aronin-Taimanov, bayonet attack"]
[ECO "E97"]
[Time "07:02:53"]
[TimeControl "2700+45"]

1. d4 Nf6 2. c4 g6 3. Nc3 Bg7 4. e4 d6 5. Be2 O-O 6. Nf3 e5 7. O-O Nc6 8. d5 Ne7
9. b4 Ne8 10. c5 f5 11. Nd2 f4 12. a4 Rf7 13. Ba3 Bf8 14. Bg4 g5 15. cxd6 cxd6
16. b5 Rg7 17. Rc1 Kh8 18. Nc4 Ng8 19. Nxe5 Ngf6 20. Bxc8 Rxc8 21. Nf3 Nd7 22.
Nd4 Qf6 23. f3 h5 24. Nce2 Rxc1 25. Qxc1 Rf7 26. Bb2 Ne5 27. Ne6 Kh7 28. Qc8 Ng7
29. N2d4 Nxe6 30. dxe6 Re7 31. Nf5 Rxe6 32. Qxb7+ Bg7 33. Ba1 g4 34. Qxa7 gxf3
35. Qxg7+ Qxg7 36. Nxg7 Rg6 37. Bxe5 dxe5 38. Rxf3 {Black resigns} 1-0

[Event "Team 45 45 League T45"]
[Site "Internet Chess Club"]
[Date "2010.05.16"]
[Round "2"]
[White "zeigmata"]
[Black "MaartenKoning"]
[Result "0-1"]
[WhiteElo "2280"]
[BlackElo "2302"]
[Opening "Ruy Lopez: Schliemann defense"]
[ECO "C63"]
[Time "14:12:27"]
[TimeControl "2700+45"]

1. e4 e5 2. Nf3 Nc6 3. Bb5 f5 4. d3 fxe4 5. dxe4 Nf6 6. Nc3 Bb4 7. O-O Bxc3 8.
bxc3 O-O 9. Re1 d6 10. h3 Qe8 11. a4 Qg6 12. Bc4+ Kh8 13. Nh4 Qh5 14. Qxh5 Nxh5
15. Nf5 Nf4 16. Ne3 Be6 17. Nd5 Bxd5 18. exd5 Ne7 19. Rd1 Rf6 20. Kh2 Raf8 21.
Be3 a5 22. g3 Nfg6 23. Be2 Rxf2+ {White resigns} 0-1

[Event "Team 45 45 League T45"]
[Site "Internet Chess Club"]
[Date "2010.05.15"]
[Round "2"]
[White "Paulkov"]
[Black "pebble767"]
[Result "1-0"]
[WhiteElo "2226"]
[BlackElo "2057"]
[Opening "Ruy Lopez: closed, Pilnik variation"]
[ECO "C77"]
[Time "13:04:21"]
[TimeControl "2700+45"]

1. e4 e5 2. Nf3 Nc6 3. Bb5 a6 4. Ba4 Nf6 5. d3 b5 6. Bb3 Be7 7. O-O d6 8. c3 O-O
9. Re1 Na5 10. Bc2 c5 11. Nbd2 Nc6 12. Nf1 Re8 13. h3 h6 14. Ng3 Be6 15. d4 cxd4
16. cxd4 exd4 17. Nxd4 Nxd4 18. Qxd4 Rc8 19. Bb3 d5 20. e5 Nd7 21. Be3 Nc5 22.
Bc2 Nd7 23. Rac1 Qa5 24. Bd2 Qb6 25. Qd3 Nf8 26. Nf5 Bc5 27. Nxh6+ gxh6 28. Qg3+
Ng6 29. Bxg6 Bxf2+ 30. Qxf2 Qxf2+ 31. Kxf2 fxg6 32. Bxh6 Kf7 33. Ke3 Bf5 34. Kd4
Rc4+ 35. Rxc4 dxc4 36. Bg5 Ke6 37. Rf1 Rc8 38. g4 Bc2 39. Rf6+ Kd7 40. Rxa6 Re8
41. Kd5 Rc8 42. Ra7+ Ke8 43. Rh7 c3 44. e6 Kf8 45. Bf6 {Black resigns} 1-0

[Event "Team 45 45 League T45"]
[Site "Internet Chess Club"]
[Date "2010.05.16"]
[Round "2"]
[White "Stryker672"]
[Black "nb"]
[Result "1/2-1/2"]
[WhiteElo "1935"]
[BlackElo "2072"]
[Opening "Sicilian: Alapin's variation (2.c3)"]
[ECO "B22"]
[Time "14:14:50"]
[TimeControl "2700+45"]

1. e4 c5 2. c3 Nf6 3. e5 Nd5 4. d4 cxd4 5. Nf3 Nc6 6. cxd4 d6 7. Bc4 Nb6 8. Bb5
a6 9. Bxc6+ bxc6 10. O-O Bg4 11. h3 Bh5 12. Nc3 d5 13. Qe2 e6 14. Be3 Bb4 15.
Rfc1 O-O 16. a3 Be7 17. Na2 Qd7 18. Nb4 Bxb4 19. axb4 Qb7 20. Qc2 Bxf3 21. gxf3
Nc4 22. Qc3 f5 23. f4 Rfc8 24. b3 Nxe3 25. fxe3 Rab8 26. Kf2 Qxb4 27. Qxb4 Rxb4
28. Rxa6 Rxb3 29. Rcxc6 Rxc6 30. Rxc6 Kf7 31. Rc7+ Kf8 32. Rc8+ Kf7 33. Rc7+
{Game drawn by mutual agreement} 1/2-1/2

[Event "Team 45 45 League T45"]
[Site "Internet Chess Club"]
[Date "2010.05.18"]
[Round "2"]
[White "Seaborgium"]
[Black "screamingeagle"]
[Result "0-1"]
[WhiteElo "2111"]
[BlackElo "2074"]
[Opening "Dutch: Leningrad, main variation with c6"]
[ECO "A88"]
[Time "20:00:06"]
[TimeControl "2700+45"]

1. Nf3 f5 2. d4 Nf6 3. c4 g6 4. Nc3 Bg7 5. g3 d6 6. Bg2 O-O 7. O-O c6 8. d5 e5
9. Qa4 h6 10. Rd1 c5 11. Rb1 g5 12. b4 b6 13. bxc5 bxc5 14. Bd2 Qe7 15. Rb3 f4
16. Rdb1 Bf5 17. Rb7 Nfd7 18. Rxa7 Rxa7 19. Qxa7 e4 20. Re1 e3 21. Nb5 g4 22.
fxe3 gxf3 23. exf3 fxg3 24. hxg3 Bd3 25. Rc1 Qg5 26. Qa3 Ne5 27. f4 Qxg3 {White
resigns} 0-1

[Event "Team 45 45 League T45"]
[Site "Internet Chess Club"]
[Date "2010.05.16"]
[Round "2"]
[White "vnchess"]
[Black "Telos"]
[Result "1-0"]
[WhiteElo "2241"]
[BlackElo "2445"]
[Opening "Old Benoni defense"]
[ECO "A46"]
[Time "11:32:19"]
[TimeControl "2700+45"]

1. d4 Nf6 2. Nf3 c5 3. d5 b5 4. a4 Qa5+ 5. Bd2 b4 6. Bg5 Bb7 7. Bxf6 exf6 8. e4
Qc7 9. Bc4 d6 10. O-O g6 11. c3 Nd7 12. a5 Bh6 13. Nbd2 Rb8 14. Ne1 O-O 15. f4
Bg7 16. Qc2 Rbe8 17. Nd3 bxc3 18. bxc3 f5 19. Nf2 Nf6 20. Qd3 Bc8 21. e5 dxe5
22. d6 Qd8 23. fxe5 Rxe5 24. Nf3 Ree8 25. Rfe1 Ne4 26. Nxe4 fxe4 27. Rxe4 Rxe4
28. Qxe4 Qxd6 29. Qe3 Bd7 30. Ng5 h6 31. Nxf7 Qf6 32. Rf1 Qxc3 33. Ne5+ Qxc4 34.
Rxf8+ Kh7 35. Nxc4 {Black resigns} 1-0

[Event "Team 45 45 League T45"]
[Site "Internet Chess Club"]
[Date "2010.05.15"]
[Round "2"]
[White "civilization"]
[Black "VietLion"]
[Result "1-0"]
[WhiteElo "1677"]
[BlackElo "1848"]
[Opening "Sicilian: Alapin's variation (2.c3)"]
[ECO "B22"]
[Time "10:37:37"]
[TimeControl "2700+45"]

1. e4 c5 2. c3 Nf6 3. e5 Nd5 4. d4 cxd4 5. cxd4 Nc6 6. Nf3 d6 7. Bc4 Nb6 8. Bb3
d5 9. Nc3 Bf5 10. O-O e6 11. Be3 Na5 12. Bc2 Bxc2 13. Qxc2 Rc8 14. Qe2 Nac4 15.
Rac1 Be7 16. b3 Nxe3 17. Qxe3 Ba3 18. Rcd1 a6 19. Nb1 Be7 20. Rc1 O-O 21. Rxc8
Nxc8 22. Rc1 Qa5 23. Qd2 Bb4 24. Qc2 Ne7 25. a4 Nc6 26. Qd3 h6 27. h3 Qb6 28.
Rd1 f6 29. Qg6 Ne7 30. Qd3 fxe5 31. Nxe5 Qc7 32. g4 Nc6 33. Rc1 a5 34. Qe3 Bd6
35. Nxc6 bxc6 36. Qxe6+ Kh8 37. Qe2 Bh2+ 38. Kg2 Qf4 39. Qe3 Qd6 40. Re1 Bf4 41.
Qe7 Qb8 42. Qc5 Bg5 43. Re2 Rf6 44. Qc3 Rg6 45. Nd2 h5 46. Qg3 Bf4 47. Qh4 Rh6
48. gxh5 g5 49. Qg4 Qf8 50. Qd7 Rd6 51. Qe8 Qxe8 52. Rxe8+ Kg7 53. Nf3 Rh6 54.
Ra8 Rxh5 55. Rxa5 Kf7 56. Ra7+ Ke6 57. a5 Rh8 58. Rb7 Kf5 59. b4 Rb8 60. Rxb8
Bxb8 61. Kf1 Kf6 62. Ke2 Ba7 63. Kd3 Kf5 64. Ne5 Bb8 65. Nxc6 Bc7 66. a6 Bb6 67.
a7 {Black resigns} 1-0

[Event "Team 45 45 League T45"]
[Site "Internet Chess Club"]
[Date "2010.05.15"]
[Round "2"]
[White "John3v16"]
[Black "Theodulf"]
[Result "1-0"]
[WhiteElo "1700"]
[BlackElo "1591"]
[Opening "QGA, 4.e3"]
[ECO "D25"]
[Time "08:00:25"]
[TimeControl "2700+45"]

1. d4 d5 2. c4 dxc4 3. Nf3 Nf6 4. e3 a6 5. Bxc4 b5 6. Be2 Bb7 7. O-O e6 8. a4 b4
9. Nbd2 c5 10. Nc4 a5 11. Nfe5 Nbd7 12. Nxd7 Nxd7 13. Bf3 Bd5 14. Qe2 Be7 15. b3
Nf6 16. e4 Bxc4 17. Qxc4 Qxd4 18. e5 Nd5 19. Qb5+ Kf8 20. Bxd5 Qxd5 21. Be3 f5
22. exf6 gxf6 23. Rfd1 Qf5 24. Rd7 Rd8 25. Rxd8+ Bxd8 26. Bxc5+ Kg7 27. Rd1 Qg6
28. Rd7+ Kh6 29. Be3+ {Black resigns} 1-0

[Event "Team 45 45 League T45"]
[Site "Internet Chess Club"]
[Date "2010.05.14"]
[Round "2"]
[White "allanchs"]
[Black "Timotheous"]
[Result "1/2-1/2"]
[WhiteElo "1524"]
[BlackElo "1616"]
[Opening "Sicilian: accelerated fianchetto, modern variation"]
[ECO "B34"]
[Time "07:00:22"]
[TimeControl "2700+45"]

1. e4 c5 2. Nf3 Nc6 3. d4 cxd4 4. Nxd4 g6 5. Nc3 Bg7 6. Be3 Nf6 7. Be2 O-O 8.
O-O d5 9. exd5 Nxd5 10. Nxc6 bxc6 11. Qd2 Nxe3 12. Qxe3 Be6 13. Rad1 Qb6 14.
Qxb6 axb6 15. Bf3 Rfc8 16. Rfe1 Bxc3 17. bxc3 Rxa2 18. Re2 Kf8 19. Red2 Raa8 20.
Kf1 Ke8 21. Ke1 Bc4 22. g3 e6 23. Rd6 Bd5 24. Bxd5 exd5 25. Rf6 Ke7 26. Rf4 Re8
27. Kd2 f5 28. Re1+ Kd6 29. Rxe8 Rxe8 30. Ra4 Re7 31. f3 Kc5 32. Ra8 b5 33. Ra6
Rd7 34. Ra8 d4 35. Ra6 Rd6 36. Ra7 h5 37. Ra6 Kc4 38. cxd4 Rxd4+ 39. Kc1 Rd6 40.
Ra8 c5 41. Rc8 b4 42. Rc7 Kd5 43. Re7 Re6 44. Rd7+ Kc4 45. Rc7 Kd4 46. f4 c4 47.
Rd7+ Kc3 48. Kd1 Rb6 49. Rd8 b3 50. cxb3 cxb3 51. Kc1 Rb4 52. Kb1 Rd4 53. Rc8+
Rc4 54. Rd8 Rc6 55. Rd7 Rb6 56. Rc7+ Kd2 57. Re7 Kd3 58. Re8 Kd4 59. Kb2 Kd5 60.
Re3 Kd4 61. Re8 Kd5 62. Re5+ Kc4 63. Re8 Kc5 64. Re5+ Kd6 65. Re8 Kd7 66. Re5
Re6 67. Kxb3 Rxe5 68. fxe5 Ke6 69. Kc4 Kxe5 70. Kd3 f4 71. Ke2 Ke4 72. gxf4 Kxf4
73. Kf2 g5 74. Kg2 g4 75. Kg1 Kf3 76. Kh1 h4 77. Kg1 g3 78. hxg3 hxg3 79. Kf1
Kf4 80. Kg2 Kg4 81. Kg1 Kh3 82. Kh1 Kg4 83. Kg2 Kf4 84. Kg1 Kf3 85. Kf1 g2+ 86.
Kg1 Kg3 {White stalemated} 1/2-1/2

[Event "Team 45 45 League T45"]
[Site "Internet Chess Club"]
[Date "2010.05.16"]
[Round "2"]
[White "Skyler"]
[Black "jacknor"]
[Result "0-1"]
[WhiteElo "1342"]
[BlackElo "1520"]
[Opening "Sicilian: dragon, Yugoslav attack"]
[ECO "B75"]
[Time "16:53:58"]
[TimeControl "2700+45"]

1. e4 c5 2. Nf3 d6 3. d4 cxd4 4. Nxd4 g6 5. Nc3 Bg7 6. Be3 Nf6 7. f3 Nc6 8. Qd2
d5 9. Be2 dxe4 10. fxe4 O-O 11. O-O-O Ne5 12. Bh6 Qa5 13. Bxg7 Kxg7 14. h4 h5
15. Nf3 Neg4 16. Qd4 e5 17. Qg1 Be6 18. a3 Rac8 19. Qe1 a6 20. Nh2 Ne3 21. Rd3
Nc4 22. Rg1 b5 23. g4 b4 24. Na2 bxa3 25. bxa3 Qxe1+ 26. Rxe1 hxg4 27. Rg1 Nh5
28. Bxg4 Bxg4 29. Rxg4 Nf4 30. Rf3 Nd6 31. Re3 f6 32. Nf3 Kh6 33. Nb4 a5 34. Nd3
Nc4 35. Re1 Nxa3 36. Kb2 Nxc2 37. Rd1 Ne3 {White resigns} 0-1

[Event "Team 45 45 League T45"]
[Site "Internet Chess Club"]
[Date "2010.05.16"]
[Round "2"]
[White "andrew28"]
[Black "itai-ron"]
[Result "1-0"]
[WhiteElo "1707"]
[BlackElo "1607"]
[Opening "Sicilian defense"]
[ECO "B33"]
[Time "16:08:12"]
[TimeControl "2700+45"]

1. e4 c5 2. Nf3 Nc6 3. d4 cxd4 4. Nxd4 Nf6 5. Nc3 a6 6. Be3 e5 7. Nb3 Bb4 8. Bd3
O-O 9. O-O Bxc3 10. bxc3 h6 11. Qf3 d6 12. a4 Be6 13. a5 Qe7 14. h3 Rac8 15. Qe2
Nb8 16. c4 Nbd7 17. f4 exf4 18. Bxf4 Ne5 19. Nd2 Nfd7 20. Rab1 Rc7 21. Be3 Rfc8
22. Bb6 Nxb6 23. axb6 Rc6 24. Nf3 Nxc4 25. Nd4 Rc5 26. Qf2 Ne5 27. Nf5 Bxf5 28.
exf5 Nxd3 29. cxd3 Qg5 30. Qf3 R5c6 31. d4 Qf6 32. Qd5 Qd8 33. f6 g6 34. Qa5 d5
35. Qd2 Kh7 36. Qa5 Rxf6 37. Rxf6 Qxf6 38. Qxd5 Rc6 39. Rf1 Qg5 40. Qxf7+ {Black
resigns} 1-0

[Event "Team 45 45 League T45"]
[Site "Internet Chess Club"]
[Date "2010.05.17"]
[Round "2"]
[White "Gilguli"]
[Black "Andressa"]
[Result "0-1"]
[WhiteElo "1498"]
[BlackElo "1553"]
[Opening "QGD: symmetrical (Austrian) defense"]
[ECO "D06"]
[Time "14:01:07"]
[TimeControl "2700+45"]

1. d4 d5 2. c4 c5 3. Nf3 dxc4 4. Nc3 Nc6 5. d5 Nb8 6. Bf4 Nf6 7. e4 Nh5 8. Bxb8
Rxb8 9. Qa4+ Bd7 10. Qxa7 e6 11. dxe6 Bxe6 12. Bxc4 Bxc4 13. Qa4+ b5 14. Qa6 Nf6
15. b3 b4 16. Qc6+ Qd7 17. Qxd7+ Nxd7 18. bxc4 bxc3 19. a4 Rb4 20. a5 c2 21. Kd2
Rxc4 22. a6 Nb6 23. Ne5 Rxe4 24. Rhe1 Rxe1 25. Kxe1 Bd6 26. Nc4 Nxc4 27. a7 Nb6
28. Kd2 Kd7 29. Kxc2 Ra8 30. Kc3 Kc6 31. Kd3 Kb7 32. f4 {White resigns} 0-1

[Event "Team 45 45 League T45"]
[Site "Internet Chess Club"]
[Date "2010.05.15"]
[Round "2"]
[White "acejackace"]
[Black "shamos1"]
[Result "1-0"]
[WhiteElo "1418"]
[BlackElo "1360"]
[Opening "Benko's opening"]
[ECO "A00"]
[Time "11:30:14"]
[TimeControl "2700+45"]

1. g3 Nc6 2. Bg2 Nf6 3. d3 e6 4. Nd2 Be7 5. Ngf3 Rb8 6. e4 O-O 7. a3 Bc5 8. h3
Ne8 9. O-O f6 10. Nb3 Bb6 11. d4 d5 12. exd5 Qxd5 13. Be3 Nd6 14. Qd3 Nf5 15.
Nh4 Qd7 16. Nxf5 exf5 17. Nc5 Bxc5 18. dxc5 Qe7 19. f4 Rd8 20. Qe2 Nd4 21. Qf2
Nxc2 22. Qxc2 Qxe3+ 23. Qf2 Qe8 24. Rfe1 Qf8 25. Re2 c6 26. Rae1 Bd7 27. Qd4 Be6
28. Qc3 Bf7 29. Qc2 Bg6 30. Re7 Re8 31. Rxe8 Rxe8 32. Rxe8 Qxe8 33. Qb3+ Qf7 34.
Qa4 Qe7 35. Qxa7 Qe1+ 36. Kh2 Qe3 37. Qb8+ Be8 38. Qxb7 Qxc5 39. a4 Qc2 40. b4
Qxa4 41. Qe7 Qa8 42. b5 Qc8 43. b6 c5 44. b7 Qb8 45. Qxc5 Bd7 46. Qd5+ {Black
resigns} 1-0

[Event "Team 45 45 League T45"]
[Site "Internet Chess Club"]
[Date "2010.05.15"]
[Round "2"]
[White "eyalki"]
[Black "Juan73"]
[Result "1-0"]
[WhiteElo "1329"]
[BlackElo "1664"]
[Opening "Giuoco Piano"]
[ECO "C50"]
[Time "15:03:05"]
[TimeControl "2700+45"]

1. e4 e5 2. Nf3 Nc6 3. Bc4 Bc5 4. Nc3 d6 5. O-O Bg4 6. h3 Bh5 7. d3 Qd7 8. Re1
Nd4 9. Kh2 Nxf3+ 10. gxf3 Bxf2 11. Rf1 Bh4 12. Nd5 c6 13. Ne3 d5 14. Ng2 dxc4
15. Nxh4 cxd3 16. Qxd3 Qxd3 17. cxd3 h6 18. Nf5 Kf8 19. b3 b6 20. Bb2 f6 21.
Ba3+ c5 22. b4 cxb4 23. Bxb4+ Kf7 24. Rac1 Bg6 25. Rc7+ Ke8 26. Nd6+ Kd8 27.
Rfc1 a6 28. Nb7+ Ke8 29. Rxg7 Bf7 30. Nd6+ Ke7 31. Rxf7+ Ke6 32. Rfc7 b5 33. Nf5
{Black resigns} 1-0